 Dungeon Crawl Stone Soup version bcrawl-1.33.1b (webtiles) character file.

Game seed: 13358317610258822498

191173 Metae the Cudgeler (level 6, -7/56 HPs)
             Began as a Sand Dwarf Fighter on Aug 29, 2021.
             Killed by divine providence
             ... invoked by an orc priest
              (10 damage)
             ... on level 3 of the Dungeon.
             The game lasted 00:08:52 (2307 turns).

Metae the Cudgeler (Sand Dwarf Fighter)             Turns: 2307, Time: 00:08:53

Health: -7/56      AC:  7    Str: 23    XL:     6   Next: 12%
Magic:  6/6        EV:  6    Int:  8    God:
Gold:   106        SH: 12    Dex: 10    Spells: 5/5 levels left

rFire    . . .     SeeInvis .   a - +0 flail
rCold    . . .     Gourm    .   c - +0 medium shield
rNeg     . . .     Faith    .   b - +0 scale mail
rPois    .         Spirit   .   (no helmet)
rElec    .         Reflect  +   (no cloak)
rCorr    .         Harm     .   (no gloves)
MR       .....                  (no boots)
Stlth    ..........             o - +2 amulet of reflection
HPRegen  0.18/turn              (no ring)
MPRegen  0.10/turn              (no ring)

@: slow
A: small, slowness 1, armour attunement
a: no special abilities


You were on level 3 of the Dungeon.
You were hungry.

You visited 1 branch of the dungeon, and saw 3 of its levels.

You collected 106 gold pieces.

Inventory:

Hand Weapons
 a - a +0 flail (weapon)
 q - a cursed -3 club
Missiles
 r - 86 poisoned tomahawks (quivered)
Armour
 b - a +0 scale mail (worn)
 c - a +0 medium shield (worn)
 d - a +0 scale mail
Jewellery
 o - a +2 amulet of reflection (around neck)
Scrolls
 f - a scroll of teleportation {unknown}
 i - a scroll of identify
 k - a scroll of magic mapping {unknown}
 l - 2 scrolls of enchant weapon
 n - a scroll of amnesia {unknown}
 p - a scroll of remove curse {unknown}
 s - a scroll of fear {unknown}
Potions
 g - a potion of lignification
 j - a potion of heal wounds {unknown}
 m - a potion of cancellation {unknown}
 t - a potion of resistance {unknown}
Comestibles
 e - 3 rations {!d}


   Skills:
 * Level 5.1 Fighting
 + Level 5.4 Maces & Flails
 + Level 0.7 Throwing
 * Level 5.0 Armour
 + Level 3.8 Shields


You had 5 spell levels left.
You didn't know any spells.
Your spell library was empty.

Dungeon Overview and Level Annotations

Branches:
Dungeon (3/12)

Altars:

Annotations:
D:2 1 runed door


Innate Abilities, Weirdness & Mutations

You are small and have problems with some larger weapons.
You cover ground slowly.
Armour does not affect your spellcasting.


Message History

The orc hits you with a +0 antimagic dagger.
* * * LOW HITPOINT WARNING * * *
The orc hits you.
* * * LOW HITPOINT WARNING * * *
The orc priest calls down the wrath of Beogh upon you.
Beogh smites you!
* * * LOW HITPOINT WARNING * * *
You feel better. You block the orc's attack. The orc barely misses you.
You barely miss the orc.
The orc hits you with a +0 antimagic dagger.
* * * LOW HITPOINT WARNING * * *
You block the orc's attack.
The orc priest invokes the aid of Beogh against you.
Beogh smites you!
* * * LOW HITPOINT WARNING * * *
You block the orc's attack.
You see here a worm corpse.
The orc priest invokes the aid of Beogh against you.
Beogh smites you!
You die...

#.# ### #.# #.. #.#.#
#.# #.# #.#.# ... #.#
#.#.# #.# #.# #...
#.# #.# #..# #.# #.#
#..# . ##)####÷###..#
....####.o..oo†@....#
#.!.).).####.###..#
....####.#####.###..#
. ....$......).<#
###.#####.###..# .#.
#.# #..# # # #.# #..#
#.# #..# #..#


You could see an orc priest and 2 orcs.

Vanquished Creatures
  Sigmund (D:2)
  An adder (D:2)
  2 worms
  4 leopard geckos (D:2)
  3 orcs
  6 bats
  4 giant cockroaches
  3 goblins
  7 hobgoblins
  7 jackals (D:2)
  3 quokkas (D:2)
  3 frilled lizards
  13 kobolds
  7 rats
  3 plants (D:2)
67 creatures vanquished.

Notes
Turn   | Place    | Note
-------+----------+-------------------------------------------
     0 | D:1      | Metae the Sand Dwarf Fighter began the quest for the Orb.
     0 | D:1      | Reached XP level 1. HP: 19/19 MP: 1/1
   141 | D:1      | Reached XP level 2. HP: 27/27 MP: 2/2
   919 | D:2      | Reached XP level 3. HP: 12/33 MP: 3/3
  1316 | D:2      | Reached XP level 4. HP: 35/40 MP: 4/4
  1422 | D:2      | Noticed Sigmund
  1468 | D:2      | Killed Sigmund
  1469 | D:2      | Reached skill level 5 in Fighting
  1469 | D:2      | Reached skill level 5 in Maces & Flails
  1469 | D:2      | Reached XP level 5. HP: 48/48 MP: 5/5
  1740 | D:2      | Reached XP level 6. HP: 54/56 MP: 6/6
  1866 | D:2      | Reached skill level 5 in Armour
  2055 | D:2      | Found a runed door.
  2307 | D:3      | Killed from afar by an orc priest

Skill      XL: |  1  2  3  4  5  6 |
---------------+-------------------+-----
Fighting       | 4 5 |  5.1
Armour         | 4 5 |  5.0
Maces & Flails | 5 |  5.4
Throwing       | |  0.7
Shields        | |  3.8

Action                   |  1- 3 |  4- 6 || total
-------------------------+-------+-------++-------
Melee: Flail             |   131 |   106 ||   237
Throw: Tomahawk          |       |     7 ||     7
  Use: Scroll            |     2 |       ||     2
       Potion            |     2 |     2 ||     4
  Eat: Chunk             |     3 |     7 ||    10
       Ration            |     1 |       ||     1
Armor: Scale mail        |   115 |    35 ||   150
       Skin              |       |     4 ||     4
Dodge: Dodged            |    45 |    24 ||    69
Block: Medium shield     |   101 |    64 ||   165
       Reflection        |       |     4 ||     4
